 Dungeon Crawl Stone Soup version 0.31-a0-472-g43a2ca8e1b (webtiles) character file.

Game seed: 13311416238622847910

862 Ethylacetat the Changeling (level 8, -8/54 HPs)
             Began as an Octopode Shapeshifter on Aug 6, 2023.
             Mangled by a gnoll sergeant
             ... wielding the +9 trident of Focus {elec, rF+}
              (9 damage)
             ... on level 5 of the Dungeon.
             The game lasted 00:08:29 (4217 turns).

Ethylacetat the Changeling (Octopode Shapeshifter)  Turns: 4217, Time: 00:08:30

Health: -8/54      AC:  9    Str: 14    XL:     8   Next: 2%
Magic:  8/8        EV: 13    Int: 10    God:
Gold:   138        SH:  0    Dex: 15    Spells: 7/7 levels left

rFire   x x .        a - +8 dagger "Anekhloat" {venom, Will++}
rCold   x . .        (no shield)
rNeg    . . .        (helmet currently unavailable)
rPois   +            t - amulet of Elemental Vulnerability {rPois rF-- rC-- AC+8}
rElec   .            p - ring of flight
rCorr   .            (no ring)
SInv    .            (no ring)
Will    ++...        (no ring)
Stlth   ++           (no ring)
HPRegen 0.29/turn    (no ring)
MPRegen 0.11/turn    (no ring)
                     (no ring)

%: no passive effects
@: beast-form, weakened, flying
A: beast (slay +4), almost no armour, amphibious, 8 rings, camouflage 1,
gelatinous body 1, (nimble swimmer 1), tentacles, tentacle spike 1, cold
resistance 1, mutation resistance 1
a: Begin Untransformation


You were on level 5 of the Dungeon.
You were a hulking beast.
You visited 2 branches of the dungeon, and saw 6 of its levels.

You collected 242 gold pieces.
You spent 104 gold pieces at shops.

Inventory:

Hand Weapons
 a - the +8 dagger "Anekhloat" (weapon) {venom, Will++}
   (You found it on level 4 of the Dungeon)

   Will:      It greatly increases your willpower.
 k - a +1 dagger of holy wrath
 l - the +5 dagger "Jeku" {vamp, rElec Dex+3}
   (You found it on level 3 of the Dungeon)

   Dex:       It affects your dexterity (+3).
   rElec:     It insulates you from electricity.
 n - a +2 dagger of draining
Jewellery
 p - a ring of flight (left tentacle)
 t - the amulet of Elemental Vulnerability (around mantle) {rPois rF-- rC-- AC+8}
   (You found it on level 5 of the Dungeon)

   [amulet of nothing]

   AC:        It affects your AC (+8).
   rF:        It makes you very vulnerable to fire.
   rC:        It makes you very vulnerable to cold.
   rPois:     It protects you from poison.
Talismans
 b - a beast talisman (active)
Wands
 e - a wand of digging (4)
 r - a wand of mindburst (14)
 u - a wand of flame (12)
Scrolls
 c - 5 scrolls of butterflies {unknown}
 d - 2 scrolls of fear {unknown}
 f - a scroll of vulnerability {unknown}
 g - 7 scrolls of identify
 h - 2 scrolls of amnesia {unknown}
 i - a scroll of immolation {unknown}
 j - a scroll of blinking
 o - 2 scrolls of fog {unknown}
 s - a scroll of silence {unknown}
Potions
 q - 2 potions of curing {unknown}


   Skills:
 + Level 4.9 Fighting
 - Level 2.0 Dodging
 - Level 3.5 Unarmed Combat
 * Level 6.5 Shapeshifting


You had 7 spell levels left.
You didn't know any spells.
Your spell library contained the following spells:

 Spells                   Type           Power      Damage    Failure   Level
 Summon Small Mammal      Summ           0%         N/A       36%         1
 Call Canine Familiar     Summ           0%         N/A       75%         3
 Portal Projectile        Hex/Tloc       0%         N/A       75%         3
 Summon Guardian Golem    Hex/Summ       0%         N/A       75%         3
 Tukima's Dance           Hex            0%         N/A       75%         3
 Iskenderun's Mystic Bla  Conj/Tloc      0%         2d3       98%         4


Dungeon Overview and Level Annotations

Branches:
Dungeon (5/15)             Temple (1/1) D:5

Altars:
Ashenzari
Cheibriados
Elyvilon
Fedhas
Kikubaaqudgha
Nemelex Xobeh
Qazlal
Ru
Sif Muna
Trog
Vehumet
Wu Jian
Xom
Zin
The Shining One

Shops:
D:2 (   D:3 *   D:4 ?

Annotations:
D:5 1 transporter, gyole's ghost, weakling KoDe


Innate Abilities, Weirdness & Mutations

You are a hulking beast.
Your limbs bulge with bestial killing power. (Slay +4)
You cannot wear most types of armour.
You are amphibious.
You can wear up to eight rings at the same time.
Your skin changes colour to match your surroundings (Stealth+).
Your rubbery body absorbs attacks. (AC +1, EV +1)
((You are camouflaged when in or above water. (Stealth+)))
You have tentacles for arms and can constrict up to eight enemies at once.
One of your tentacles bears a spike.
Your flesh is cold resistant. (rC+)
You are somewhat resistant to further mutation.


Message History

Found a blackened glass ring.
There is a transporter here.
Press: ? - help, . - travel You can't see that place. [a stone wall.]
There is a transporter here.
You enter the transporter and appear at another place.
A gnoll comes into view.
It is carrying a wand of mindburst. 2 gnolls come into view.
The helpless gnoll fails to defend itself.
You puncture the gnoll!
You kill the gnoll!
The gnoll shouts! x2; You hear a shout! x2
The gnoll closely misses you.
A gnoll comes into view. It is wielding a +0 spear of venom.
You hit the gnoll. You grab the gnoll. You squeeze the gnoll.
You kill the gnoll!
Found a scroll labelled DICIVVEVID.
A gnoll sergeant comes into view.
It is wielding the +9 trident of Focus {elec, rF+}.
You see here a wand of mindburst (12).
The gnoll sergeant hits you from afar with the +9 trident of Focus {elec, rF+}.
You are electrocuted!
The gnoll bouda gazes fiercely through you!
You feel your attacks grow feeble.
Unknown command.
Aiming: Mindburst
Press: ? - help, Shift-Dir - straight line, f - gnoll sergeant
Aim: a gnoll sergeant, wielding the +9 trident of Focus {elec, rF+}, wearing a +3 scale mail and wearing a +0 buckler (chance to affect: 64%)
The gnoll sergeant struggles to resist.
The gnoll sergeant hits you from afar with the +9 trident of Focus {elec, rF+}!!
* * * LOW HITPOINT WARNING * * *
You are electrocuted!
* * * LOW HITPOINT WARNING * * *
The gnoll bouda barks out a call to the hunt!
The gnoll sergeant picks up the pace!
It was a potion of mutation.
You feel extremely strange.
One of your lower tentacles grows a sharp spike.
You feel resistant to cold.
You feel genetically stable.
The gnoll sergeant hits you from afar with the +9 trident of Focus {elec, rF+}!
You die...

≈≈≈≈≈≈≈≈≈≈≈≈.## ≈≈ ≈≈
≈~≈≈≈≈≈≈≈≈≈≈≈≈.## # ..
.......#####≈≈.## .# #.##
.©. ##.#.#?#≈≈.## ...###.
####?###..g#≈≈.#. .....
.... ....###≈≈...
##+###'## ###.#8.≈≈.##
##.#P.P#P.8#=.$#.##.≈≈...
#..+.../h©⌠#:.$'.$#.~~...
##.#P.P#P.8#$$$#.##.≈≈...
##+###g######.#8.≈≈...
...g...gW..g...###≈≈.##
...###.#####©###...#≈≈...
.# #.###.©.###.#.#.#≈≈...
##...........#####≈≈...
≈≈≈≈≈≈...≈≈≈≈≈≈≈≈≈≈≈..#
≈≈≈≈≈≈...≈≈≈≈≈≈≈≈≈≈≈...


You could see a gnoll sergeant (swift), a gnoll bouda and gyole's ghost.

Vanquished Creatures
  The ghost of iskra the Conjurer, an amateur DrCj (D:4)
  Eustachio (D:5)
  Duvessa (D:4)
  A bullfrog (D:5)
  Dowan (D:4)
  2 hounds (D:4)
  Crazy Yiuf (D:3)
  2 iguanas
  2 gnolls (D:5)
  5 adders
  A shadow imp (D:5)
  3 worms
  3 dart slugs
  5 orcs
  9 endoplasms
  6 giant cockroaches
  7 goblins
  6 hobgoblins
  6 jackals
  4 quokkas
  10 ball pythons
  7 bats
  7 frilled lizards
  4 kobolds
  8 rats
103 creatures vanquished.

Notes
Turn   | Place    | Note
-------+----------+-------------------------------------------
     0 | D:1      | Ethylacetat the Octopode Shapeshifter began the quest for
                  | the Orb.
     0 | D:1      | Reached XP level 1. HP: 13/13 MP: 1/1
   135 | D:1      | Reached XP level 2. HP: 16/18 MP: 2/2
   353 | D:1      | Reached XP level 3. HP: 23/23 MP: 3/3
  1158 | D:2      | Found a sacrificial altar of Ru.
  1213 | D:2      | Reached XP level 4. HP: 10/29 MP: 4/4
  1219 | D:2      | HP: 1/29 [quokka (5)]
  1302 | D:2      | Found Weaps's Weapon Boutique.
  1982 | D:3      | Found Huffif's Assorted Antiques.
  1986 | D:3      | Reached skill level 4 in Shapeshifting
  2036 | D:3      | Found a broken altar of Ashenzari.
  2036 | D:3      | Found an ornate altar of the Wu Jian Council.
  2118 | D:3      | Found a bloodstained altar of Trog.
  2124 | D:3      | Identified the +5 dagger "Jeku" {vamp, rElec Dex+3}
  2202 | D:3      | Found a runed translucent door.
  2203 | D:3      | Noticed Crazy Yiuf
  2535 | D:3      | Paralysed by Crazy Yiuf for 3 turns
  2544 | D:3      | Killed Crazy Yiuf
  2545 | D:3      | Reached XP level 5. HP: 4/35 MP: 5/5
  2746 | D:4      | Noticed iskra's ghost (amateur DrCj)
  2750 | D:4      | Found a runed translucent gate.
  2750 | D:4      | Found a runed translucent gate.
  2751 | D:4      | Found a runed translucent gate.
  2997 | D:4      | Reached XP level 6. HP: 42/42 MP: 6/6
  3015 | D:4      | Found Qoitta's Magic Scroll Shop.
  3023 | D:4      | Bought a scroll of identify for 22 gold pieces
  3023 | D:4      | Bought a scroll of blinking for 82 gold pieces
  3042 | D:4      | Noticed Duvessa
  3042 | D:4      | Noticed Dowan
  3063 | D:4      | Killed Duvessa
  3064 | D:4      | Reached skill level 5 in Shapeshifting
  3079 | D:4      | Killed Dowan
  3120 | D:4      | Identified the +1 long sword of the Mouth {flame, rC++ MP+9
                  | Dex+4}
  3484 | D:4      | Killed iskra's ghost
  3485 | D:4      | Reached XP level 7. HP: 6/48 MP: 7/7
  3642 | D:4      | Identified the +8 dagger "Anekhloat" {venom, Will++}
  3664 | D:5      | Entered Level 5 of the Dungeon
  3786 | D:5      | Reached skill level 6 in Shapeshifting
  3910 | D:5      | Found a staircase to the Ecumenical Temple.
  3911 | D:5      | Noticed Eustachio
  3926 | Temple   | Entered the Ecumenical Temple
  3934 | D:5      | Killed Eustachio
  3935 | D:5      | Reached XP level 8. HP: 17/54 MP: 8/8
  4138 | D:5      | Found the amulet of Elemental Vulnerability {rPois rF--
                  | rC-- AC+8}
  4177 | D:5      | Noticed gyole's ghost (weakling KoDe)
  4193 | D:5      | Found a transporter.
  4193 | D:5      | Found a transporter.
  4214 | D:5      | Identified the +9 trident of Focus {elec, rF+}
  4216 | D:5      | HP: 1/54 [gnoll sergeant/the +9 trident of Focus {elec,
                  | rF+} (11)]
  4217 | D:5      | Gained mutation: One of your tentacles bears a spike.
                  | [potion of mutation]
  4217 | D:5      | Gained mutation: Your flesh is cold resistant. (rC+)
                  | [potion of mutation]
  4217 | D:5      | Gained mutation: You are somewhat resistant to further
                  | mutation. [potion of mutation]
  4217 | D:5      | Mangled by a gnoll sergeant

Illustrated notes

Levels and vault maps discovered:
D:1:      onia_arrival_pyramid, layout_basic, chequers_jeans
D:2:      layout_rooms, serial_shops, shop, basic_altar, nrook_mini_vaults
D:3:      layout_loops_ring, gammafunk_temple_overflow_pools, bloody_trog,
          serial_shops, nicolae_shop_waterfront, eino_tiny_chamber,
          uniq_crazy_yiuf_cottage
D:4:      layout_basic, gammafunk_ghost_split, serial_shops, nicolae_shop_trees,
          uniq_duvessa
D:5:      layout_basic, temple_fountains, gammafunk_ghost_gnarly_gnolls,
          wad_floor_pattern_2, hangedman_decor_lopped, uniq_eustachio
Temple:   nicolae_temple_slightly_damp_pantheon

Skill      XL: |  1  2  3  4  5  6  7 |
---------------+----------------------+-----
Fighting       | 2 3 4 |  4.9
Shapeshifting  | 4 5 6 |  6.5
Dodging        | |  2.0
Unarmed Combat | |  3.5

Action                     |  1- 3 |  4- 6 |  7- 9 || total
---------------------------+-------+-------+-------++-------
  Melee: Unarmed           |    81 |     7 |       ||    88
         Constrict         |    16 |    23 |     6 ||    45
         Tentacles         |     6 |    16 |     3 ||    25
         Punch             |     2 |     4 |     1 ||     7
         Dagger            |       |   101 |    29 ||   130
  Evoke: Wand              |       |       |     1 ||     1
    Use: Potion            |       |     4 |     1 ||     5
   Stab: Sleeping          |    10 |     9 |     2 ||    21
         Invisible         |       |     1 |       ||     1
 Armour: Skin              |     9 |    38 |    13 ||    60
  Dodge: Dodged            |    58 |    60 |    19 ||   137

Table legend: (Time is in decaauts)
 A = Elapsed time spent in this place.
 B = Non-inter-level travel time spent in this place.
 C = Inter-level travel time spent in this place.
 D = Time resting spent in this place.
 E = Time spent auto-exploring this place.
 F = Levels seen in this place.
 G = Mean time per level.
                   A        B        C        D        E       F      G
               +--------+--------+--------+--------+--------+-----+--------+
         Total |   4210 |   4079 |    131 |    139 |   3276 |   6 |  701.7 |
       Dungeon |   4208 |   4077 |    131 |    139 |   3276 |   5 |  841.6 |
        Temple |      1 |      1 |      0 |      0 |      0 |   1 |    1.0 |
               +--------+--------+--------+--------+--------+-----+--------+

Top non-repeatable levels by time:
     D:1: 1115 daAuts
     D:3: 993 daAuts
     D:4: 952 daAuts
     D:2: 595 daAuts
     D:5: 551 daAuts
  Temple: 1 daAuts
